 Dungeon Crawl Stone Soup version 0.18.1-48-g4cf74bf (webtiles) character file.

82 Antonin the Changer (level 4, 0/28 HPs)
             Began as an Octopode Transmuter on Sept 9, 2016.
             Slain by an adder (5 damage)
             ... on level 3 of the Dungeon.
             The game lasted 00:05:16 (2173 turns).

Antonin the Changer (Octopode Transmuter)           Turns: 2173, Time: 00:05:17

Health: 0/28       AC:  1    Str:  9    XL:     4   Next: 43%
Magic:  9/16       EV: 12    Int: 16    God:
Gold:   125        SH:  0    Dex: 12    Spells: 3 memorised, 1 level left

rFire  . . .     SeeInvis .       - Unarmed
rCold  . . .     Gourm    .     (no shield)
rNeg   . . .     Faith    .     (helmet restricted)
rPois  .         Spirit   .     (no amulet)
rElec  .         Dismiss  .     h - ring of magical power
rCorr  .         Reflect  .     j - ring of teleportation (curse)
SustAt .         Harm     .     (no ring)
MR     .....     Rnd*Tele +     (no ring)
Stlth  ++........               (no ring)
                                (no ring)
                                (no ring)
                                (no ring)

@: very slightly contaminated, not resistant to hostile enchantments, unstealthy
A: almost no armour, amphibious, 8 rings, constrict 8, camouflage 1, gelatinous
body 1
a: no special abilities


You were on level 3 of the Dungeon.
You were very hungry.

You visited 1 branch of the dungeon, and saw 3 of its levels.

You collected 125 gold pieces.

Inventory:

Missiles
 a - 32 arrows
Jewellery
 h - a ring of magical power (left tentacle)
 j - a cursed ring of teleportation (right tentacle)
Scrolls
 d - a scroll of teleportation {unknown}
 e - 3 scrolls of identify {unknown}
 f - 2 scrolls of remove curse {unknown}
 g - 2 scrolls of fog {unknown}
 i - 2 scrolls of noise {unknown}
 m - a scroll of blinking {unknown}
Potions
 k - 3 potions of flight {unknown}
 l - 2 potions of haste {unknown}
 n - a potion of lignification {unknown}
Books
 b - a book of Changes

   Spells                             Type                      Level
   a - Beastly Appendage              Transmutation                1
   b - Sticks to Snakes               Transmutation                2
   c - Spider Form                    Transmutation/Poison         3
   d - Ice Form                       Ice/Transmutation            4
   e - Blade Hands                    Transmutation                5
Comestibles
 c - a bread ration


   Skills:
 - Level 1.0 Fighting
 + Level 2.7 Dodging
 + Level 3.3 Unarmed Combat
 + Level 2.3 Spellcasting
 * Level 3.5 Transmutations


You had one spell level left.
You knew the following spells:

 Your Spells              Type           Power        Failure   Level  Hunger
a - Beastly Appendage     Trmt           ##....       6%          1    #......
b - Sticks to Snakes      Trmt           ##......     10%         2    ###....
c - Spider Form           Trmt/Pois      #.........   34%         3    ###....


Dungeon Overview and Level Annotations

Branches:
Dungeon (3/15)

Altars:

Annotations:
D:3 Leafly's ghost, amateur DsFi


Innate Abilities, Weirdness & Mutations

You cannot wear most types of armour.
You are amphibious.
You can wear up to eight rings at the same time.
You can use your tentacles to constrict eight enemies at once.
Your skin changes colour to match your surroundings (Stealth).
Your rubbery body absorbs attacks (AC +1).


Message History

Leafly's ghost hits you.
Your adder barely misses Leafly's ghost.
You hit Leafly's ghost but do no damage.
Leafly's ghost is severely damaged.
You are suddenly yanked towards a nearby monster!
Your surroundings suddenly seem different.
Your transformation has ended.
An adder comes into view.
The helpless adder fails to defend itself.
You tentacle-slap the adder. Your grab misses the adder.
The adder is lightly wounded.
The adder bites you.
You tentacle-slap the adder. Your grab misses the adder.
The adder is moderately wounded.
The adder bites you.
* * * LOW HITPOINT WARNING * * *
You miss the adder. Your grab misses the adder. Your squeeze misses the adder.
The adder is moderately wounded.
The adder bites you.
You die... ## .# .# .# ##########.# ......S@...# ############

You could see an adder.

Vanquished Creatures
  2 adders (D:2)
  A worm (D:2)
  2 dart slugs (D:1)
  A giant gecko (D:1)
  2 giant cockroaches
  4 goblins
  8 hobgoblins
  4 jackals (D:1)
  2 quokkas (D:2)
  4 bats
  3 giant newts
  7 kobolds
  17 rats
57 creatures vanquished.

Notes
Turn   | Place    | Note
--------------------------------------------------------------
     0 | D:1      | Antonin the Octopode Transmuter began the quest for the Orb.
     0 | D:1      | Reached XP level 1. HP: 13/13 MP: 3/3
    16 | D:1      | Reached XP level 2. HP: 14/18 MP: 5/5
   464 | D:1      | Reached XP level 3. HP: 15/23 MP: 6/6
  1298 | D:2      | Reached XP level 4. HP: 27/28 MP: 7/7
  2092 | D:3      | Learned a level 2 spell: Sticks to Snakes
  2096 | D:3      | Learned a level 3 spell: Spider Form
  2149 | D:3      | Noticed Leafly's ghost (amateur DsFi)
  2173 | D:3      | Slain by an adder

Skill      XL: |  1  2  3 |
---------------+----------+-----
Transmutations | 3 |  3.5
Fighting       | |  1.0
Dodging        | |  2.7
Unarmed Combat | |  3.3
Spellcasting   | |  2.3

Action                   |  1- 3 |  4- 6 || total
-------------------------+-------+-------++-------
Melee: Unarmed           |    90 |    43 ||   133
       Constrict         |    28 |    10 ||    38
       Tentacles         |    12 |     4 ||    16
       Punch             |       |     2 ||     2
 Cast: Sticks to Snakes  |       |     2 ||     2
       Spider Form       |       |     1 ||     1
 Stab: Sleeping          |     1 |     2 ||     3
       Distracted        |     1 |       ||     1
  Eat: Chunk             |     1 |     2 ||     3
Armor: Skin              |     8 |     2 ||    10
Dodge: Dodged            |    38 |    14 ||    52
